 Dungeon Crawl Stone Soup version 0.31-a0-208-gdb31a4691d (webtiles) character file.

Game seed: 3510960720171182135

1757007 nono the Impregnable (level 26, 273/273 HPs)
             Began as an Armataur Fighter on June 27, 2023.
             Was a High Priest of Okawaru.
             Escaped with the Orb
             ... and 3 runes on June 28, 2023!
             The game lasted 04:44:26 (62443 turns).

nono the Impregnable (Armataur Fighter)            Turns: 62443, Time: 04:44:27

Health: 273/273    AC: 49    Str: 33    XL:     26   Next: 35%
Magic:  36/36      EV: 13    Int: 12    God:    Okawaru [*****.]
Gold:   4687       SH: 34    Dex: 18    Spells: 25/25 levels left

rFire   + + .        a - +6 eveningstar (drain)
rCold   + . .        d - +10 tower shield of Yschia {Str+4 Int+3}
rNeg    + + .        Q - +10 gold dragon scales
rPois   +            e - +1 hat {Will+}
rElec   +            c - scarf {repulsion}
rCorr   +            O - +2 pair of gloves {Str+3}
SInv    .            Z - +2 barding of Gucs {Rampage rElec rF+ Int-3}
Will    ++...        h - amulet of regeneration Stlth
                     F - ring "Sefir" {rC- rN++ rCorr EV+5}
HPRegen 1.45/turn    o - ring "Lefulu Tang" {rElec rC+ rCorr Str-4 Dex+8 Stlth-}
MPRegen 0.25/turn

%: repel missiles, roll
@: no status effects
A: large, rugged brown scales 3, deformed body, armoured tail, roll, long
tongue, awkward tongue, camouflage 1, deterioration 2, high MP 1, inability to
read after injury 1, noise suppression
0: Orb of Zot
}: 3/15 runes: barnacled, silver, gossamer
a: Renounce Religion, Heroism, Finesse, Duel


You escaped.
You worshipped Okawaru.
Okawaru was extremely pleased with you.
You visited 10 branches of the dungeon, and saw 48 of its levels.
You visited the Abyss 2 times.
You visited 1 bazaar.
You also visited: Gauntlet and Wizlab.

You collected 8479 gold pieces.
You spent 3792 gold pieces at shops.

Inventory:

Hand Weapons
 a - a +6 eveningstar of draining (weapon)
 G - a +3 demon whip of flaming
Missiles
 I - 3 throwing nets
Armour
 c - a scarf of repulsion (worn)
 d - the +10 tower shield of Yschia (worn) {Str+4 Int+3}
   (Okawaru gifted it to you on level 5 of the Realm of Zot)

   Str:       It affects your strength (+4).
   Int:       It affects your intelligence (+3).
 e - a +1 hat of willpower (worn)
 y - a +0 cloak of poison resistance
 H - the +8 orange crystal plate armour {Archmagi, Int+3 Clar}
   (You took it off a minotaur in a Gauntlet)

   Int:       It affects your intelligence (+3).
   Clar:      It protects you from confusion, rage, mesmerisation and fear.
 K - a +0 tower shield
 O - a +2 pair of gloves of strength (worn)
 Q - +10 gold dragon scales (worn)
 V - the +2 cloak of the Thief {*Fog Slay-2 SInv Stlth+}
   (You bought it in a shop on level 5 of the Dungeon)

   *Fog:      It may release a thick cloud of smoke when the wearer is hurt.
   Slay:      It affects your accuracy & damage with ranged weapons and melee
   (-2).
   SInv:      It lets you see invisible.
   Stlth:     It makes you more stealthy.
 Z - the +2 barding of Gucs (worn) {Rampage rElec rF+ Int-3}
   (Okawaru gifted it to you on level 1 of the Spider Nest)

   Int:       It affects your intelligence (-3).
   rF:        It protects you from fire.
   rElec:     It insulates you from electricity.
   Rampage:   It bestows one free step when moving towards enemies.
Jewellery
 b - the ring of Voasm {Fly rCorr Int+3}
   (You found it on level 3 of the Elven Halls)

   [ring of resist corrosion]

   Int:       It affects your intelligence (+3).
   Fly:       It grants you flight.
   rCorr:     It protects you from acid and corrosion.
 h - an amulet of regeneration (around neck)
 o - the ring "Lefulu Tang" (right hand) {rElec rC+ rCorr Str-4 Dex+8 Stlth-}
   (You found it in a Gauntlet)

   [ring of protection from cold]

   Str:       It affects your strength (-4).
   Dex:       It affects your dexterity (+8).
   rC:        It protects you from cold.
   rElec:     It insulates you from electricity.
   rCorr:     It protects you from acid and corrosion.
   Stlth:     It makes you less stealthy.
 s - the ring of the Clam {rN+ rCorr Int+6}
   (You took it off a deep elf elementalist on level 3 of the Elven Halls)

   [ring of intelligence]

   Int:       It affects your intelligence (+6).
   rN:        It protects you from negative energy.
   rCorr:     It protects you from acid and corrosion.
 x - the ring of Obbafuire {rN+ rCorr MP+9 Str+3 SInv}
   (You took it off a deep elf sorcerer on level 3 of the Elven Halls)

   [ring of positive energy]

   Str:       It affects your strength (+3).
   rN:        It protects you from negative energy.
   MP:        It affects your magic capacity (+9).
   SInv:      It lets you see invisible.
   rCorr:     It protects you from acid and corrosion.
 B - a ring of protection from fire
 D - a ring of poison resistance
 F - the ring "Sefir" (left hand) {rC- rN++ rCorr EV+5}
   (You found it in a wizard's laboratory)

   [ring of evasion]

   EV:        It affects your evasion (+5).
   rC:        It makes you vulnerable to cold.
   rN:        It greatly protects you from negative energy.
   rCorr:     It protects you from acid and corrosion.
 L - a ring of willpower
 M - the ring of the Scarab {rF+ Int+3}
   (You found it on level 4 of the Shoals)

   [ring of protection from fire]

   Int:       It affects your intelligence (+3).
   rF:        It protects you from fire.
 X - a ring of positive energy
 Y - an amulet of faith
Wands
 l - a wand of flame (50)
 v - a wand of digging (22)
 J - a wand of roots (60)
 P - a wand of quicksilver (18)
 T - a wand of polymorph (14)
Scrolls
 i - 8 scrolls of blinking
 k - 7 scrolls of fear
 n - 2 scrolls of revelation
 p - 7 scrolls of teleportation
 q - 10 scrolls of immolation
 t - 10 scrolls of fog
 N - 4 scrolls of silence
Potions
 f - 5 potions of brilliance
 g - 6 potions of lignification
 j - a potion of invisibility
 m - 5 potions of enlightenment
 r - 7 potions of resistance
 u - 9 potions of magic
 w - 6 potions of haste
 z - 9 potions of mutation
 A - 2 potions of cancellation
 C - 21 potions of curing
 E - 10 potions of attraction
 R - 16 potions of might
 S - 9 potions of heal wounds
 U - 8 potions of ambrosia
 W - a potion of berserk rage


   Skills:
 + Level 24.6 Fighting
 - Level 22.0 Maces & Flails
 - Level 26.0 Armour
 - Level 10.0 Dodging
 - Level 22.4 Shields
 - Level 14.0 Invocations


You had 25 spell levels left.
You didn't know any spells.
Your spell library contained the following spells:

 Spells                   Type           Power      Damage    Failure   Level
 Beastly Appendage        Tmut           0%         N/A       91%         1
 Freeze                   Ice            0%         1d3       91%         1
 Kiss of Death            Conj/Necr      0%         2d5       91%         1
 Magic Dart               Conj           0%         1d3       91%         1
 Necrotise                Necr           0%         1d4       91%         1
 Sandblast                Erth           0%         2d4       91%         1
 Shock                    Conj/Air       0%         1d3       91%         1
 Sting                    Tmut/Pois      0%         1d3       91%         1
 Cigotuvi's Dreadful Rot  Necr/Pois/Air  0%         N/A       97%         2
 Ensorcelled Hibernation  Hex/Ice        0%         N/A       97%         2
 Lesser Beckoning         Tloc           0%         N/A       97%         2
 Passwall                 Tmut/Erth      0%         N/A       97%         2
 Poisonous Vapours        Pois/Air       0%         N/A       97%         2
 Searing Ray              Conj           0%         2d4       97%         2
 Sublimation of Blood     Necr           0%         N/A       97%         2
 Wereblood                Tmut           0%         N/A       97%         2
 Confusing Touch          Hex            0%         N/A       99%         3
 Dazzling Flash           Conj/Hex       0%         N/A       99%         3
 Frozen Ramparts          Ice            0%         1d1       99%         3
 Gell's Gravitas          Tloc           0%         N/A       99%         3
 Hailstorm                Conj/Ice       0%         3d3       99%         3
 Ignite Poison            Fire/Tmut/Pois 0%         N/A       99%         3
 Mephitic Cloud           Conj/Pois/Air  0%         N/A       99%         3
 Ozocubu's Armour         Ice            0%         N/A       99%         3
 Portal Projectile        Hex/Tloc       0%         N/A       99%         3
 Spider Form              Tmut/Pois      0%         N/A       99%         3
 Stone Arrow              Conj/Erth      0%         3d7       99%         3
 Swiftness                Air            0%         N/A       99%         3
 Teleport Other           Tloc           0%         N/A       99%         3
 Vampiric Draining        Necr           0%         2d6       99%         3
 Volatile Blastmotes      Fire/Tloc      0%         2d10      99%         3
 Airstrike                Air            0%         2d(0-16)  100%        4
 Anguish                  Hex/Necr       0%         N/A       100%        4
 Dispel Undead            Necr           0%         3d6       100%        4
 Ice Form                 Ice/Tmut       0%         N/A       100%        4
 Iskenderun's Mystic Bla  Conj/Tloc      0%         2d3       100%        4
 Leda's Liquefaction      Hex/Erth       0%         N/A       100%        4
 Manifold Assault         Tloc           0%         N/A       100%        4
 Olgreb's Toxic Radiance  Pois           0%         N/A       100%        4
 Passage of Golubria      Tloc           0%         N/A       100%        4
 Agony                    Necr           0%         N/A       100%        5
 Alistair's Intoxication  Tmut/Pois      0%         N/A       100%        5
 Blade Hands              Tmut           0%         N/A       100%        5
 Borgnjor's Vile Clutch   Necr/Erth      0%         N/A       100%        5
 Fireball                 Conj/Fire      0%         3d3       100%        5
 Freezing Cloud           Conj/Ice/Air   0%         6-21      100%        5
 Iskenderun's Battlesphe  Conj           0%         2d6       100%        5
 Lee's Rapid Deconstruct  Erth           0%         3d4*      100%        5
 Metabolic Englaciation   Hex/Ice        0%         N/A       100%        5
 Silence                  Hex/Air        0%         N/A       100%        5
 Yara's Violent Unravell  Hex/Tmut       0%         3d3       100%        5
 Conjure Ball Lightning   Conj/Air       0%         3x3d6     100%        6
 Dispersal                Tloc           0%         N/A       100%        6
 Eringya's Noxious Bog    Tmut/Pois      0%         N/A       100%        6
 Leda's Unmaking          Conj/Erth      0%         9d1       100%        6
 Starburst                Conj/Fire      0%         6d3       100%        6
 Statue Form              Tmut/Erth      0%         N/A       100%        6
 Dragon Form              Tmut           0%         N/A       100%        7
 Orb of Destruction       Conj           0%         9d5       100%        7
 Ozocubu's Refrigeration  Ice            0%         4d7       100%        7
 Discord                  Hex            0%         N/A       100%        8
 Disjunction              Tloc           0%         N/A       100%        8
 Fire Storm               Conj/Fire      0%         5d1       100%        9
 Polar Vortex             Ice            0%         N/A       100%        9
 Call Imp                 Summ           Unusable   N/A       N/A         2
 Call Canine Familiar     Summ           Unusable   N/A       N/A         3
 Tukima's Dance           Hex            Unusable   N/A       N/A         3
 Death Channel            Necr           Unusable   N/A       N/A         6
 Simulacrum               Ice/Necr       Unusable   N/A       N/A         6
 Spellforged Servitor     Conj/Summ      Unusable   N/A       N/A         7

Dungeon Overview and Level Annotations

Branches:
Dungeon (15/15)            Temple (1/1) D:4            Lair (5/5) D:9
 Shoals (4/4) Lair:2       Spider (4/4) Lair:3        Slime (0/5) Lair:5
    Orc (2/2) D:12            Elf (3/3) Orc:2        Vaults (5/5) D:14
  Crypt (0/3) Vaults:3     Depths (4/4) D:15            Zot (5/5) Depths:4
 WizLab (visited)         Gauntlet (visited)

Altars:
Ashenzari
Cheibriados
Dithmenos
Elyvilon
Fedhas
Gozag
Kikubaaqudgha
Makhleb
Nemelex Xobeh
Okawaru
Qazlal
Sif Muna
Trog
Uskayaw
Vehumet
Wu Jian
Xom
Yredelemnul
The Shining One
Jiyva
Lugonu

Shops:
D:5 =[[   D:6 =   D:8 (   D:11 (   Orc:2 **(*!(   Elf:1 [   Shoals:1 :[(:*
Shoals:4 *   Vaults:4 =   Vaults:5 :   Depths:2 !

Portals:
Hell: Depths:1 Depths:2 Depths:3 Depths:4
Abyss: Lair:5 Depths:3 Depths:4
Pandemonium: Depths:2
Ziggurat: Depths:3


Innate Abilities, Weirdness & Mutations

You are completely covered in rugged brown scales. (AC +3, +7% HP)
Armour fits poorly on your strangely shaped body.
You have a long armoured tail.
You roll when moving toward enemies. (Rampage)
Your long tongue fully drains potion bottles. (2x potion effects)
Your tongue gives you trouble enunciating. (1.5x scroll delay)
Your skin changes colour to match your surroundings (Stealth+).
Your body often deteriorates upon taking damage.
You have an increased reservoir of magic. (+10% MP)
You occasionally lose the ability to read scrolls when taking damage.
You passively dampen the noise of your surroundings.


Message History

(N) Spider Nest (M) Slime Pits (O) Orcish Mines (E) Elven Halls (V) Vaults (C) Crypt (U) Depths (H) Hell (Z) Zot
Where to? (Enter - D:1, ? - help)
A glowing orange brain comes into view.
There is a stone staircase leading up here.
You climb upwards.
There is a stone staircase leading down here.
(D) Dungeon (T) Temple (L) Lair (A) Shoals (N) Spider Nest (M) Slime Pits (O) Orcish Mines (E) Elven Halls (V) Vaults (C) Crypt (U) Depths (H) Hell (Z) Zot
Where to? (Enter - D:1, ? - help) HP restored.
There is a stone staircase leading up here.
You climb upwards.
There is a stone staircase leading down here.
You see here a +0 short sword.
You open the door.
There is an open door here.
There is a stone staircase leading up here.
You climb upwards.
There is a stone staircase leading down here.
A ynoxinul comes into view.
You roll towards the ynoxinul!
You roll towards the ynoxinul!
The ynoxinul gestures.
You bludgeon the ynoxinul!!
The ynoxinul is severely wounded.
The ufetubus hits you but does no damage.
You block the ufetubus's attack.
You puncture the ynoxinul!
You kill the ynoxinul!
Okawaru accepts your kill.
The ufetubus disappears in a puff of smoke! x3
No target in view!
No target in view!
There is an open gate here.
There is a staircase leading out of the dungeon here.
You have escaped!

...##............................
#####............................
#÷.....#####.................
#......#...#................. ##
#......#.8.#######........... .#
##......#.........#..♣.♣.♣.♣..
.###.......##........##..........
.......⌠....#.........'..........
.#.##...⌠...#...@.....'..........
.#.##..⌠....#.........'..........
##.##......##........##..........
#.###.....#.........#..♣.♣.♣.♣..
#.###.....#.8.#######...........
##.........#...#.................
..####.....#####.................
#[####...........................
#................................


There were no monsters in sight!

Vanquished Creatures
  2 dread liches (Zot:5)
  4 ancient liches
  4 orbs of fire (Zot:5)
  Vv (Depths:4)
  Saint Roka (Vaults:4)
  3 Killer Klowns (Zot:5)
  A curse toe (Zot:5)
  A profane servitor (D:11)
  Nikola (Spider:4)
  7 golden dragons
  Arachne (Spider:3)
  A Tzitzimitl (Zot:4)
  2 bone dragons
  2 Brimstone Fiends
  3 electric golems
  27 Orb Guardians
  13 tentacled monstrosities
  A Hell Sentinel (Zot:3)
  9 titans
  Rupert (Lair:3)
  3 Ice Fiends
  4 liches
  3 deep elf master archers (Elf:3)
  2 walking earthen tomes (Depths:3)
  2 deep elf blademasters (Elf:3)
  Asterion (Vaults:2)
  4 quicksilver dragons
  4 sphinxes
  Polyphemus (Shoals:3)
  The ghost of Wimmiopn the Phalangite, an adept MfGl of Kikubaaqudgha (Depths:1)
  The ghost of bmj180 the Gelid, an adept MfIE of Vehumet (Elf:1)
  3 tentacled starspawn (Abyss:2)
  An Executioner (Abyss:2)
  4 death cobs
  11 tengu reavers
  5 storm dragons
  8 shadow dragons
  4 krakens (Shoals:4)
  Roxanne (Elf:2)
  Kirke (Shoals:1)
  2 draconian knights
  The ghost of Inaomoin the Scorcher, an adept GrEE of Vehumet (Elf:1)
  11 frost giants
  The ghost of dohliylev the Wrestler, a journeyman TrBe of Trog (Orc:2)
  6 fire giants
  17 vault wardens
  5 emperor scorpions
  The ghost of mopl the Thaumaturge, an adept OpHW of Vehumet (Elf:1)
  A spectral juggernaut (Depths:1)
  11 deep elf sorcerers
  Aizul (Elf:2)
  An orc warlord (D:15)
  A draconian stormcaller (Zot:3)
  2 draconian annihilators
  Louise (Shoals:3)
  5 ghost moths
  2 iron dragons
  4 balrugs
  A juggernaut zombie (Depths:1)
  3 draconian scorchers
  3 draconian shifters
  2 demonspawn blood saints
  2 spriggan defenders (Depths:3)
  The ghost of Reeng the Unseen, an adept VSWr of Wu Jian (Spider:2)
  2 reapers
  14 ironbound preservers
  2 formless jellyfish
  17 ironbound thunderhulks
  5 deep elf elementalists (Elf:3)
  2 broodmothers
  16 stone giants
  2 war gargoyles
  2 vampire knights
  29 very ugly things
  4 deep elf demonologists
  A black draconian (Zot:4)
  9 deep elf annihilators
  5 white draconians
  A bunyip (shapeshifter) (D:15)
  2 spectral titans (Depths:1)
  3 red draconians
  2 yellow draconians
  2 minotaurs
  13 dire elephants
  2 purple draconians (Depths:4)
  12 ettins
  8 crystal guardians
  Snorg (D:14)
  12 spark wasps
  11 merfolk impalers
  3 merfolk javelineers
  16 yaktaur captains
  4 deep elf death magi
  9 fire dragons
  Fannar (D:11)
  A salamander tyrant (WizLab)
  4 deep elf high priests
  10 ice dragons
  5 entropy weavers
  5 great orbs of eyes
  35 vault guards
  A jorogumo (Spider:4)
  A spriggan zombie (Abyss:2)
  13 hydras
  10 peacekeepers
  A juggernaut simulacrum (Depths:1)
  4 rakshasas
  4 ogre magi
  2 catoblepae
  3 radroaches
  3 spriggan air magi
  Erolcha (D:12)
  15 two-headed ogres
  6 merfolk avatars
  A two-headed ogre (shapeshifter) (D:15)
  14 ironbound frosthearts
  13 centaur warriors
  A death knight (D:15)
  26 dancing weapons
  A spectral stone giant (Depths:1)
  3 satyrs
  A satyr (shapeshifter) (Depths:4)
  An alligator snapping turtle (Shoals:4)
  3 merfolk aquamancers
  6 tengu warriors
  A vampire mage (Depths:2)
  6 boulder beetles
  13 deep troll earth magi
  18 demonic crawlers
  11 death yaks
  7 deep troll shamans
  4 spriggan berserkers
  A spectral emperor scorpion (Spider:2)
  3 orc high priests (Orc:2)
  8 hell knights (Depths:2)
  8 thrashing horrors
  7 hell hogs
  A sun demon (Zot:4)
  12 deep elf knights
  Nergalle (D:11)
  3 skysharks
  2 shadow wraiths
  5 pharaoh ants
  2 spectral ghost moths (Spider:2)
  6 sun moths
  5 iron trolls
  Lodul (D:14)
  A fire crab (Gauntlet)
  2 sixfirhies
  12 skeletal warriors
  36 deep trolls
  A death drake (shapeshifter) (Vaults:4)
  A shadow demon (Zot:4)
  6 glowing orange brains
  3 flayed ghosts
  14 orb spiders
  2 spectral broodmothers (Spider:2)
  9 sea snakes
  7 deep elf archers
  A golden dragon skeleton (Vaults:3)
  15 lindwurms
  17 harpies
  7 orc knights
  2 phantasmal warriors (Depths:4)
  A sphinx zombie (Depths:1)
  17 ironbound convokers
  16 deep elf pyromancers
  6 steelbarb worms
  5 necromancers
  15 wizards
  15 deep elf zephyrmancers
  39 ugly things
  18 wolf spiders
  4 wolf spider zombies (Spider:1)
  2 stone giant zombies (Depths:1)
  11 cyclopes
  4 orc sorcerers (Orc:2)
  A sphinx skeleton (Vaults:3)
  16 fauns
  3 frost giant skeletons
  2 salamanders (WizLab)
  16 moths of wrath
  17 manticores
  A rust devil (Abyss:2)
  8 merfolk sirens
  Joseph (D:7)
  27 elephants
  A titan simulacrum (Depths:1)
  Maurice (D:11)
  An ice statue (Gauntlet)
  6 human skeletons
  18 vault sentinels
  5 smoke demons
  A water nymph (shapeshifter) (Depths:2)
  4 black mambas
  2 emperor scorpion simulacra (Spider:2)
  An orange demon (Abyss:2)
  An unseen horror (D:11)
  6 cane toads
  11 torpor snails
  A minotaur zombie (Gauntlet)
  4 water nymphs
  5 gargoyles
  An unseen horror zombie (D:9)
  Maggie (D:7)
  Psyche (D:12)
  5 rime drakes
  A freezing wraith (Vaults:4)
  A ghost moth simulacrum (Spider:2)
  A hellion (D:10)
  5 redback zombies (Spider:1)
  A tengu conjurer (D:15)
  2 efreet
  8 komodo dragons
  24 yaktaurs
  A yaktaur (shapeshifter) (Vaults:5)
  2 spark wasp simulacra (Spider:2)
  2 elf skeletons (Vaults:3)
  3 ancient zymes
  A merfolk (shapeshifter) (D:15)
  A tormentor (Abyss:2)
  23 merfolk
  A troll (shapeshifter) (D:15)
  4 meliai
  A hellwing (Abyss:2)
  7 trolls
  A harpy skeleton (Abyss:2)
  32 tarantellas
  4 hornets
  5 wind drakes
  10 raiju (Abyss:2)
  11 culicivora zombies (Spider:1)
  21 blink frogs
  8 tarantella zombies (Spider:1)
  4 dream sheep (Lair:4)
  8 snapping turtles
  2 stone giant simulacra (Depths:1)
  27 slime creatures
  Prince Ribbit (D:7)
  27 jumping spiders
  A jumping spider (shapeshifter) (Vaults:5)
  An ettin skeleton (Vaults:4)
  2 fire giant simulacra (Depths:1)
  A shadow (D:11)
  24 culicivoras
  A flying skull (Abyss:2)
  2 centaur simulacra (D:15)
  3 vampires
  An air elemental (Elf:3)
  5 spriggans
  4 fire bats
  12 water elementals
  5 ynoxinuls
  5 wyverns
  3 fire elementals
  42 yaks
  A fire bat (shapeshifter) (D:15)
  2 steam dragons
  61 redbacks
  12 basilisks
  3 vampire mosquitoes
  4 chaos spawn
  3 humans (Shoals:1)
  Menkaure (D:7)
  2 wargs
  2 acid dragons
  A glowing shapeshifter skeleton (Vaults:3)
  9 large abominations
  21 water moccasins
  2 hell hounds (Zot:4)
  A swamp drake (shapeshifter) (D:15)
  An ogre skeleton (Vaults:3)
  2 black bears
  23 orc warriors
  An ice beast (shapeshifter) (D:14)
  A radroach simulacrum (Spider:2)
  18 small abominations
  25 wolves
  15 centaurs
  17 ogres
  3 boggarts (D:15)
  An elf simulacrum (Vaults:2)
  3 kobold brigands
  A phantom (D:5)
  4 earth elementals
  3 necrophages (D:9)
  3 gnoll sergeants
  12 bullfrogs
  2 scorpions
  13 wights
  A glowing shapeshifter simulacrum (Depths:1)
  15 killer bees
  A howler monkey (D:10)
  2 quasits (Abyss:2)
  A centaur zombie (D:9)
  2 human zombies
  2 jellies
  16 orc priests
  3 hounds
  3 iguanas
  4 sleepcaps
  2 lightning spires (WizLab)
  22 orc wizards
  2 howler monkey zombies (D:9)
  19 gnolls
  7 adders
  4 white imps
  An ufetubus (D:5)
  3 worms
  5 dart slugs
  69 orcs
  6 bats
  11 endoplasms
  3 giant cockroaches
  7 goblins
  10 hobgoblins
  7 jackals
  2 quokkas
  7 ball pythons
  2 frilled lizards
  23 kobolds
  6 rats
  A starspawn tentacle (Abyss:2)
  19 tentacles
2145 creatures vanquished.

Vanquished Creatures (others)
  A kraken (Shoals:3)
  Ilsuiw (Shoals:3)
  A red draconian (Depths:4)
  An ogre mage (D:15)
  A demonic crawler (Spider:4)
  3 deep elf knights
  A harpy (Shoals:4)
  An unseen horror (shapeshifter) (D:15)
  A jumping spider (Spider:4)
  A sky beast (D:7)
  An ogre (Vaults:4)
  11 starspawn tentacles (Abyss:2)
  28 tentacles
52 creatures vanquished.

Grand Total: 2197 creatures vanquished

Notes
Turn   | Place    | Note
-------+----------+-------------------------------------------
     0 | D:1      | nono the Armataur Fighter began the quest for the Orb.
     0 | D:1      | Reached XP level 1. HP: 19/19 MP: 1/1
   173 | D:1      | Reached XP level 2. HP: 19/26 MP: 2/2
   420 | D:1      | Reached skill level 4 in Armour
   479 | D:1      | Reached XP level 3. HP: 30/33 MP: 3/3
  1164 | D:2      | Reached XP level 4. HP: 40/40 MP: 4/4
  1364 | D:2      | You fall into a shaft and drop 2 floors!
  1396 | D:4      | Found a staircase to the Ecumenical Temple.
  1477 | Temple   | Entered the Ecumenical Temple
  1490 | Temple   | Became a worshipper of Warmaster Okawaru
  1963 | D:3      | Found a burning altar of Makhleb.
  2283 | D:3      | Found a blossoming altar of Fedhas.
  2306 | D:3      | Reached XP level 5. HP: 48/48 MP: 5/5
  2623 | D:4      | Found a sparkling altar of Nemelex Xobeh.
  2872 | D:4      | Noticed an ogre
  3345 | D:4      | Reached skill level 5 in Armour
  3553 | D:4      | Killed an ogre
  3554 | D:4      | Reached XP level 6. HP: 55/55 MP: 6/6
  3564 | D:5      | Entered Level 5 of the Dungeon
  3564 | D:5      | Found Rojea's Armour Shop.
  3564 | D:5      | Found Akhaus's Jewellery Shop.
  3603 | D:5      | Bought a +0 cloak for 54 gold pieces
  3625 | D:5      | Reached skill level 5 in Shields
  3909 | D:5      | Reached * piety under Okawaru
  3910 | D:5      | Reached XP level 7. HP: 40/64 MP: 7/7
  4129 | D:5      | Reached skill level 6 in Armour
  4392 | D:5      | Found Illuz's Armour Shoppe.
  4395 | D:5      | Bought a +0 pair of gloves for 58 gold pieces
  4971 | D:6      | Found Denir's Jewellery Boutique.
  5072 | D:6      | Reached skill level 5 in Fighting
  5072 | D:6      | Reached XP level 8. HP: 71/72 MP: 8/8
  5238 | D:6      | Reached ** piety under Okawaru
  5287 | D:6      | Found an ornate altar of the Wu Jian Council.
  5409 | D:6      | Found an ancient bone altar of Kikubaaqudgha.
  5679 | D:6      | Reached skill level 7 in Armour
  5859 | D:7      | Reached skill level 1 in Invocations
  6040 | D:7      | Noticed Menkaure
  6040 | D:7      | Noticed Prince Ribbit
  6215 | D:7      | Found an opulent altar of Gozag.
  6244 | D:7      | Killed Menkaure
  6338 | D:7      | Noticed Maggie
  6363 | D:7      | Killed Maggie
  6364 | D:7      | Reached skill level 5 in Maces & Flails
  6385 | D:7      | Killed Prince Ribbit
  6386 | D:7      | Reached skill level 5 in Invocations
  6386 | D:7      | Reached XP level 9. HP: 48/79 MP: 9/12
  7049 | D:7      | Noticed Joseph
  7079 | D:7      | Killed Joseph
  7080 | D:7      | Reached skill level 8 in Armour
  7299 | D:7      | Reached XP level 10. HP: 64/89 MP: 14/14
  7461 | D:7      | Found a white marble altar of Elyvilon.
  7667 | D:8      | Reached *** piety under Okawaru
  7742 | D:8      | Found a shimmering altar of Xom.
  7889 | D:8      | Found Vohuxas's Hydra Hut.
  7896 | D:8      | Noticed a six-headed hydra
  8207 | D:8      | Reached skill level 9 in Armour
  8379 | D:9      | Noticed a two-headed ogre
  8458 | D:9      | Reached **** piety under Okawaru
  8693 | D:9      | Found a staircase to the Lair.
  8937 | D:6      | Bought an amulet of regeneration for 420 gold pieces
  9380 | D:9      | Killed a two-headed ogre
  9381 | D:9      | Reached XP level 11. HP: 92/98 MP: 14/16
  9408 | D:9      | Reached skill level 10 in Armour
  9408 | D:9      | Found a basalt altar of Yredelemnul.
  9494 | D:10     | Entered Level 10 of the Dungeon
 10275 | D:11     | Noticed Nergalle
 10335 | D:11     | Found Bodoteha's Antique Weapon Shoppe.
 10419 | Lair:1   | Entered Level 1 of the Lair of Beasts
 10540 | Lair:1   | Received a gift from Okawaru
 10562 | Lair:1   | Reached ***** piety under Okawaru
 10836 | Lair:1   | Reached skill level 10 in Shields
 11211 | Lair:1   | Reached skill level 11 in Armour
 11467 | Lair:2   | Found a staircase to the Shoals.
 11685 | Lair:2   | Identified the +0 pair of gloves of the Imp {Dex+2}
                  | (Okawaru gifted it to you on level 2 of the Lair of Beasts)
 11685 | Lair:2   | Received a gift from Okawaru
 11686 | Lair:2   | Reached XP level 12. HP: 97/110 MP: 18/18
 12569 | Lair:3   | Noticed a death yak
 12569 | Lair:3   | Noticed a death yak
 12569 | Lair:3   | Noticed a death yak
 12569 | Lair:3   | Noticed a death yak
 12569 | Lair:3   | Noticed a death yak
 12666 | Lair:3   | Noticed Rupert
 12666 | Lair:3   | Paralysed by Rupert for 3 turns
 12688 | Lair:3   | Killed a death yak
 12710 | Lair:3   | Killed Rupert
 12711 | Lair:3   | Reached skill level 12 in Armour
 12801 | Lair:3   | Killed a death yak
 12820 | Lair:3   | Killed a death yak
 12832 | Lair:3   | Killed a death yak
 12842 | Lair:3   | Killed a death yak
 13059 | Lair:3   | Received a gift from Okawaru
 13072 | Lair:3   | Reached skill level 10 in Invocations
 13264 | Lair:3   | Received a gift from Okawaru
 13265 | Lair:3   | Reached XP level 13. HP: 78/119 MP: 18/20
 13562 | Lair:3   | Found a hole to the Spider Nest.
 13867 | Lair:4   | Reached skill level 10 in Fighting
 13987 | Lair:4   | Identified a scroll of acquirement
 13988 | Lair:4   | Acquired a manual of Shields
 14202 | Lair:4   | Identified the +3 barding of Omoipro {rPois Int-5 Dex+3}
                  | (Okawaru gifted it to you on level 4 of the Lair of Beasts)
 14202 | Lair:4   | Received a gift from Okawaru
 14656 | Lair:5   | Entered Level 5 of the Lair of Beasts
 14700 | Lair:5   | Found a viscous altar of Jiyva.
 14700 | Lair:5   | Found a staircase to the Slime Pits.
 14980 | Lair:5   | Reached skill level 15 in Shields
 15258 | Lair:5   | Reached XP level 14. HP: 82/129 MP: 21/21
 16001 | Lair:5   | Reached skill level 13 in Armour
 16293 | Lair:5   | Reached skill level 10 in Maces & Flails
 16303 | Lair:5   | Found a corrupted altar of Lugonu.
 16303 | Lair:5   | Found a one-way gate to the infinite horrors of the Abyss.
 16318 | Lair:5   | Identified the +2 plate armour "Ifoddah" {rC++ rN+ Str+3
                  | Int+4}
 17245 | D:11     | Noticed Maurice
 17265 | D:11     | Killed Maurice
 17394 | D:11     | Killed Nergalle
 17462 | D:11     | Noticed Fannar
 17490 | D:11     | Killed Fannar
 18104 | D:5      | Bought a ring of poison resistance for 300 gold pieces
 18320 | D:12     | Found a staircase to the Orcish Mines.
 18327 | Orc:1    | Entered Level 1 of the Orcish Mines
 18568 | D:12     | Noticed Psyche
 18573 | D:12     | Paralysed by Psyche for 3 turns
 18582 | D:12     | Killed Psyche
 18621 | D:12     | Reached skill level 14 in Armour
 18695 | D:12     | Noticed Erolcha
 18705 | D:12     | Killed Erolcha
 18942 | D:12     | Found a gateway to a bazaar.
 18951 | Bazaar   | Entered a bazaar
 18959 | Bazaar   | Found Qoivusuf's Jewellery Shop.
 18975 | Bazaar   | Found Rakh's Jewellery Boutique.
 18975 | Bazaar   | Found Wyrruirargh's Jewellery Boutique.
 19002 | Bazaar   | Found Fofurgh's Antique Armour Boutique.
 19046 | Bazaar   | Bought a ring of willpower for 250 gold pieces
 19082 | Bazaar   | Bought a glowing cloak for 247 gold pieces
 19409 | D:13     | Found a runed translucent door.
 20127 | D:14     | Noticed Snorg
 20136 | D:14     | Killed Snorg
 20149 | D:14     | Found a gate leading to a gauntlet.
 20165 | Gauntlet | Entered a Gauntlet
 20165 | Gauntlet | Found a transporter.
 20189 | Gauntlet | Found a large runed translucent door.
 20190 | Gauntlet | Found a large runed translucent door.
 20191 | Gauntlet | Found a large runed translucent door.
 20191 | Gauntlet | Found a large runed translucent door.
 20191 | Gauntlet | Found a runed translucent door.
 20192 | Gauntlet | Found a large runed translucent door.
 20193 | Gauntlet | Found a large runed translucent door.
 20194 | Gauntlet | Found a large runed translucent door.
 20194 | Gauntlet | Found a large runed translucent door.
 20195 | Gauntlet | Found a runed translucent gate.
 20195 | Gauntlet | Found a runed translucent gate.
 20197 | Gauntlet | Found a transporter.
 20206 | Gauntlet | Found a runed translucent gate.
 20206 | Gauntlet | Found a runed translucent door.
 20208 | Gauntlet | Found a large runed translucent door.
 20208 | Gauntlet | Found a large runed translucent door.
 20209 | Gauntlet | Found a large runed translucent door.
 20210 | Gauntlet | Found a large runed translucent door.
 20217 | Gauntlet | Found a transporter.
 20223 | Gauntlet | Found a transporter.
 20242 | Gauntlet | Found a transporter.
 20262 | Gauntlet | Found a transporter.
 20274 | Gauntlet | Found a transporter.
 20288 | Gauntlet | Found a transporter.
 20288 | Gauntlet | Noticed a cacodemon
 20300 | Gauntlet | Found a transporter.
 20312 | Gauntlet | Found a transporter.
 20328 | Gauntlet | Found a transporter.
 20328 | Gauntlet | Found a transporter.
 20398 | Gauntlet | Found a transporter.
 20432 | Gauntlet | Found a transporter.
 20434 | Gauntlet | Found a transporter.
 20448 | Gauntlet | Found a transporter.
 20449 | Gauntlet | Found a large runed translucent door.
 20450 | Gauntlet | Found a large runed translucent door.
 20457 | Gauntlet | Found a large runed translucent door.
 20457 | Gauntlet | Found a large runed translucent door.
 20457 | Gauntlet | Found a transporter.
 20459 | Gauntlet | Found a transporter.
 20592 | Gauntlet | Identified the ring "Lefulu Tang" {rElec rC+ rCorr Str-4
                  | Dex+8 Stlth-}
 20612 | Gauntlet | Identified the +8 battleaxe of Ebloc {flame, rN+}
 20694 | Gauntlet | Reached XP level 15. HP: 103/139 MP: 22/22
 20694 | Gauntlet | Reached skill level 17 in Armour
 20694 | Gauntlet | Reached XP level 16. HP: 108/146 MP: 23/23
 20694 | Gauntlet | Reached XP level 17. HP: 114/154 MP: 24/24
 20701 | Gauntlet | Identified the +8 mace of Gallantry {pain, rF+ rC++ Int+3}
 20855 | D:14     | Found a gate to the Vaults.
 21097 | D:14     | Noticed Lodul
 21326 | D:14     | Reached skill level 18 in Armour
 21697 | D:15     | Entered Level 15 of the Dungeon
 21973 | D:14     | Killed Lodul
 22638 | Orc:2    | Entered Level 2 of the Orcish Mines
 22778 | Orc:2    | Reached skill level 1 in Dodging
 22811 | Orc:2    | Found Seig Rui's General Store.
 22820 | Orc:2    | Found Ryprif's Specific Store.
 22842 | Orc:2    | Bought a scroll of blinking for 112 gold pieces
 23000 | Orc:2    | Found a staircase to the Elven Halls.
 23164 | Orc:2    | Found Eveor's Weapon Shop.
 23594 | Orc:2    | Found a runed translucent gate.
 23594 | Orc:2    | Found a runed translucent gate.
 23595 | Orc:2    | Found a runed translucent gate.
 23596 | Orc:2    | Found an opulent altar of Gozag.
 23597 | Orc:2    | Noticed dohliylev's ghost (journeyman TrBe)
 23632 | Orc:2    | Killed dohliylev's ghost
 23644 | Orc:2    | Received a gift from Okawaru
 23864 | Orc:2    | Found Rycog's Distillery.
 23872 | Orc:2    | Found Dypiv's Weapon Emporium.
 23874 | Orc:2    | Found Hepsid's Assorted Antiques.
 23912 | Orc:2    | Bought a potion of curing for 42 gold pieces
 23912 | Orc:2    | Bought a potion of berserk rage for 70 gold pieces
 24505 | Abyss:2  | Cast into level 2 of the Abyss (a wizard)
 24600 | Abyss:2  | Noticed a lich
 24625 | Abyss:2  | Reached skill level 5 in Dodging
 24644 | Abyss:2  | Killed a lich
 24956 | Abyss:2  | Found a corrupted altar of Lugonu.
 25025 | Abyss:2  | Noticed a lich
 25067 | Abyss:2  | Killed a lich
 25070 | D:15     | Escaped the Abyss
 25166 | D:15     | Found a glowing golden altar of the Shining One.
 25166 | D:15     | Found a shimmering altar of Xom.
 25167 | D:15     | Found a shadowy altar of Dithmenos.
 25293 | Abyss:2  | Cast into level 2 of the Abyss (a wizard)
 25298 | Abyss:2  | Noticed a bone dragon
 25335 | Abyss:2  | Killed a bone dragon
 25343 | Abyss:2  | Upgraded the game from 0.31-a0-202-g547052bce9 to
                  | 0.31-a0-204-g7da18cac08
 25345 | Abyss:2  | Found a corrupted altar of Lugonu.
 25356 | Abyss:2  | Found a corrupted altar of Lugonu.
 25356 | Abyss:2  | Found a corrupted altar of Lugonu.
 25561 | Abyss:2  | Reached XP level 18. HP: 167/167 MP: 23/25
 25567 | D:15     | Escaped the Abyss
 26086 | D:15     | Identified the +1 robe of Slovenliness {*Corrode rPois rN+
                  | Int+4}
 26390 | D:15     | Found a staircase to the Depths.
 26793 | D:15     | Received a gift from Okawaru
 26961 | D:15     | Identified the +11 broad axe "Godory" {venom, Str+2}
 26983 | D:15     | Found the +8 frozen axe "Frostbite" {freeze, freezing
                  | cloud, *Noise Fly rC+}
 27435 | Shoals:1 | Entered Level 1 of the Shoals
 27761 | Shoals:1 | Noticed Kirke
 27777 | Shoals:1 | Killed Kirke
 27828 | Shoals:1 | Found Cussic's Antique Weapon Emporium.
 27850 | Shoals:1 | Found Qoimaas's Book Shop.
 27919 | Shoals:1 | Bought a manual of Armour for 1280 gold pieces
 28055 | Shoals:1 | Found Asmucouf's Antique Armour Boutique.
 28094 | Shoals:1 | Reached skill level 19 in Armour
 28128 | Shoals:1 | Bought a tower shield for 103 gold pieces
 28146 | Shoals:1 | Found Jupnaget's Book Shop.
 28211 | Shoals:1 | Found Jayhy's Assorted Antiques.
 28241 | Shoals:1 | Bought a potion of heal wounds for 160 gold pieces
 28676 | Shoals:1 | Reached skill level 20 in Armour
 28992 | Shoals:2 | Reached skill level 21 in Armour
 29136 | Shoals:2 | Identified the +0 trident of Instinct {flame, rPois Dex+3}
 29800 | Shoals:3 | Noticed Polyphemus
 29801 | Shoals:3 | Noticed Ilsuiw
 29870 | Shoals:3 | Noticed Louise
 29883 | Shoals:3 | Killed Louise
 30078 | Shoals:3 | Killed Polyphemus
 30079 | Shoals:3 | Reached XP level 19. HP: 179/179 MP: 26/26
 30103 | Shoals:2 | Received a gift from Okawaru
 30177 | Shoals:3 | Reached skill level 22 in Armour
 30697 | Shoals:3 | Identified the +0 cloak of Amiczi {Stlth+}
 30709 | Shoals:3 | Identified the +9 great sword of the Lettuce {freeze, *Slow
                  | rCorr Int+4 SInv}
 30769 | Shoals:3 | Killed Ilsuiw
 31000 | Shoals:4 | Entered Level 4 of the Shoals
 31139 | Shoals:4 | Found Fonkal's Mass Market.
 32136 | Shoals:4 | Identified the ring of the Scarab {rF+ Int+3}
 32323 | Shoals:4 | Reached skill level 15 in Fighting
 32769 | Shoals:4 | Got a barnacled rune of Zot
 32978 | Spider:1 | Entered Level 1 of the Spider Nest
 33017 | Spider:1 | Identified the +2 barding of Gucs {Rampage rElec rF+ Int-3}
                  | (Okawaru gifted it to you on level 1 of the Spider Nest)
 33017 | Spider:1 | Received a gift from Okawaru
 33118 | Spider:1 | Reached skill level 15 in Maces & Flails
 33246 | Spider:1 | Identified the +7 dagger "Fukhlostext" {heavy, rCorr}
 33584 | Spider:1 | Reached skill level 23 in Armour
 34608 | Spider:2 | Found a runed translucent gate.
 34608 | Spider:2 | Found a runed translucent gate.
 34608 | Spider:2 | Found a runed translucent gate.
 34610 | Spider:2 | Noticed Reeng's ghost (adept VSWr)
 34672 | Spider:2 | Killed Reeng's ghost
 35120 | Spider:2 | Identified the +4 leather armour "Wirieg" {rF- Regen+
                  | Dex+2}
 35292 | Spider:2 | Reached XP level 20. HP: 171/190 MP: 28/28
 35995 | Spider:3 | Identified the +8 mace of Moun {flame, rPois rC+ Int-3
                  | Stlth+} (Okawaru gifted it to you on level 3 of the Spider
                  | Nest)
 35995 | Spider:3 | Received a gift from Okawaru
 36463 | Spider:3 | Noticed Arachne
 36491 | Spider:3 | Killed Arachne
 37242 | Spider:4 | Entered Level 4 of the Spider Nest
 37790 | Spider:4 | Received a gift from Okawaru
 38160 | Spider:4 | Reached skill level 24 in Armour
 38185 | Spider:4 | Noticed Nikola
 38199 | Spider:4 | Killed Nikola
 38533 | Spider:4 | Got a gossamer rune of Zot
 38949 | Vaults:1 | Entered Level 1 of the Vaults
 38963 | Vaults:1 | Found a magical portal.
 38976 | WizLab   | Entered Maxwell's Workshop
 39075 | WizLab   | Received a gift from Okawaru
 39261 | WizLab   | Reached ****** piety under Okawaru
 39325 | WizLab   | Identified the +6 whip "Juohaco" {heavy, Fragile Will+
                  | Dex+7}
 39374 | WizLab   | Identified the +0 plate armour of the Illusory Seas
                  | {Rampage Regen+} (Okawaru gifted it to you in a wizard's
                  | laboratory)
 39374 | WizLab   | Received a gift from Okawaru
 39424 | WizLab   | Identified the ring "Sefir" {rC- rN++ rCorr EV+5}
 39572 | WizLab   | Identified the ring "Arhoifea" {Fire rCorr Str-4 Slay+6
                  | SInv}
 40020 | Vaults:1 | Reached XP level 21. HP: 187/203 MP: 30/30
 41251 | Vaults:2 | Noticed Asterion
 41275 | Vaults:2 | Killed Asterion
 41482 | Vaults:2 | You fall into a shaft and drop 2 floors!
 41929 | Vaults:4 | Noticed Saint Roka
 41957 | Vaults:4 | Killed Saint Roka
 42083 | Vaults:4 | Identified the +6 short sword "Utuuwk" {flame, *Corrode
                  | rElec rPois SInv} (Okawaru gifted it to you on level 4 of
                  | the Vaults)
 42083 | Vaults:4 | Received a gift from Okawaru
 42189 | Vaults:4 | Noticed an ancient lich
 42403 | Vaults:4 | Found Maxagg's Jewellery Shop.
 42434 | Vaults:4 | Killed an ancient lich
 43609 | Vaults:1 | Received a gift from Okawaru
 43755 | Vaults:2 | Reached XP level 22. HP: 121/216 MP: 31/31
 43760 | Vaults:2 | Received a gift from Okawaru
 43939 | Vaults:2 | Received a gift from Okawaru
 44336 | Vaults:2 | Found the ring of the Mage {Wiz Archmagi}
 44889 | Vaults:3 | Reached skill level 25 in Armour
 45152 | Vaults:3 | Found a staircase to the Crypt.
 45590 | Vaults:3 | Received a gift from Okawaru
 46319 | Depths:1 | Entered Level 1 of the Depths
 46353 | Depths:1 | Found a runed translucent door.
 46364 | Depths:1 | You fall into a shaft and drop 1 floor!
 46499 | Depths:2 | Found a blossoming altar of Fedhas.
 46538 | Depths:2 | Found Faehaesm's Distillery.
 46545 | Depths:2 | Bought a potion of mutation for 104 gold pieces
 46545 | Depths:2 | Bought a potion of might for 52 gold pieces
 46545 | Depths:2 | Bought a potion of resistance for 130 gold pieces
 46545 | Depths:2 | Bought a potion of might for 52 gold pieces
 46545 | Depths:2 | Bought a potion of might for 52 gold pieces
 46545 | Depths:2 | Bought a potion of enlightenment for 65 gold pieces
 46552 | Depths:2 | Found a gateway to Hell.
 46677 | Depths:1 | Found a radiant altar of Vehumet.
 46885 | Depths:1 | Identified the +1 scale mail "Ethrid" {rC- Regen+ Str+3}
                  | (Okawaru gifted it to you on level 1 of the Depths)
 46885 | Depths:1 | Received a gift from Okawaru
 47342 | Depths:1 | Noticed Wimmiopn's ghost (adept MfGl)
 47381 | Depths:1 | Killed Wimmiopn's ghost
 47730 | Depths:2 | Found a one-way gate leading to the halls of Pandemonium.
 47862 | Depths:2 | Identified the +6 long sword "Zifanax" {speed, MP+9 Str+3}
 48339 | Depths:2 | Noticed a golden dragon
 48344 | Depths:2 | Killed a golden dragon
 48366 | Depths:2 | Got Lumon's Information on Snow and Support
 48913 | Depths:3 | Reached XP level 23. HP: 227/227 MP: 32/32
 49061 | Depths:3 | Received a gift from Okawaru
 49532 | Depths:3 | Received a gift from Okawaru
 50033 | Depths:3 | Found a one-way gateway to a ziggurat.
 50659 | Depths:3 | Identified the +5 lajatang of Sin {venom, rC+ Dex+2}
                  | (Okawaru gifted it to you on level 3 of the Depths)
 50659 | Depths:3 | Received a gift from Okawaru
 50719 | Depths:3 | Upgraded the game from 0.31-a0-204-g7da18cac08 to
                  | 0.31-a0-208-gdb31a4691d
 50905 | Depths:4 | Entered Level 4 of the Depths
 51144 | Depths:4 | Found a hide-covered altar of Uskayaw.
 51410 | Depths:4 | Reached skill level 26 in Armour
 51426 | Depths:4 | Found a gate to the Realm of Zot.
 51602 | Depths:4 | Noticed Vv
 51638 | Depths:4 | Killed Vv
 52046 | Depths:4 | Got the Folio of Fuming Venom
 52377 | Elf:1    | Entered Level 1 of the Elven Halls
 52427 | Elf:1    | Received a gift from Okawaru
 52576 | Elf:1    | Found Ehiox's Antique Armour Shop.
 52697 | Elf:1    | Found a runed translucent gate.
 52698 | Elf:1    | Found a runed translucent gate.
 52699 | Elf:1    | Found a runed translucent gate.
 52702 | Elf:1    | Noticed bmj180's ghost (adept MfIE)
 52702 | Elf:1    | Noticed Inaomoin's ghost (adept GrEE)
 52702 | Elf:1    | Noticed mopl's ghost (adept OpHW)
 52729 | Elf:1    | Killed Inaomoin's ghost
 52749 | Elf:1    | Killed bmj180's ghost
 52765 | Elf:1    | Killed mopl's ghost
 53055 | Elf:1    | Reached XP level 24. HP: 240/240 MP: 33/33
 53362 | Elf:2    | Identified Roxanne's Vellum of the Eight Mouths
 53362 | Elf:2    | Noticed Roxanne
 53379 | Elf:2    | Killed Roxanne
 53533 | Elf:2    | Found a runed translucent gate.
 53534 | Elf:2    | Found a runed translucent gate.
 53534 | Elf:2    | Found a runed translucent gate.
 53663 | Elf:2    | Noticed Aizul
 53669 | Elf:2    | Killed Aizul
 53831 | Elf:2    | Received a gift from Okawaru
 54089 | Elf:3    | Entered Level 3 of the Elven Halls
 54534 | Elf:3    | Identified the +5 long sword of Bauvezaz {heavy, Fragile
                  | Str+5 Dex+4}
 54682 | Elf:3    | Identified the ring of the Clam {rN+ rCorr Int+6}
 54837 | Elf:3    | Identified the ring of Voasm {Fly rCorr Int+3}
 54864 | Elf:3    | Identified the +10 dagger of Fear {vamp, Fragile rElec
                  | Will+++ Stlth+}
 54864 | Elf:3    | Identified the ring of Obbafuire {rN+ rCorr MP+9 Str+3
                  | SInv}
 54920 | Elf:3    | Got Sif Muna's Cyclopedia of the Reformed Barrage
 55595 | D:5      | Bought the +2 cloak of the Thief {*Fog Slay-2 SInv Stlth+}
                  | for 241 gold pieces
 55595 | D:5      | Found the +2 cloak of the Thief {*Fog Slay-2 SInv Stlth+}
 56011 | Vaults:5 | Entered Level 5 of the Vaults
 56431 | Vaults:5 | Noticed an ancient lich
 56444 | Vaults:4 | Identified the +0 chain mail of the Big Bang {Harm rN+++
                  | MP-9 Int-4} (Okawaru gifted it to you on level 4 of the
                  | Vaults)
 56444 | Vaults:4 | Received a gift from Okawaru
 57271 | Vaults:5 | Found the +4 robe of Folly {Brill Will-∞ Int+8}
 57366 | Vaults:5 | Paralysed by a sphinx for 3 turns
 57406 | Vaults:5 | Reached XP level 25. HP: 206/254 MP: 33/33
 57514 | Vaults:5 | Killed an ancient lich
 57555 | Vaults:5 | Identified the +2 leather armour of Gehenna {Harm rPois
                  | rC++}
 57577 | Vaults:5 | Identified the +2 robe of the Unseen Realm {+Inv rF+ Int-3}
 57656 | Vaults:5 | Got a silver rune of Zot
 57876 | Vaults:5 | Identified the +4 plate armour "Keedon" {rPois Will- Dex+3
                  | Stlth+}
 58010 | Vaults:5 | Found Widuris's Book Shoppe.
 58264 | Vaults:5 | Got Rihaug's Compilation of Cadavers
 58414 | Vaults:5 | Identified the +1 lajatang "Mirui" {speed, Fly Int+9}
 58458 | Vaults:5 | Identified the staff of the Tortured God {*Slow +Blink
                  | rPois Will- Dex+8 Poison}
 59125 | Zot:1    | Entered Level 1 of the Realm of Zot
 59503 | Zot:2    | Identified the +3 short sword of Majestic Integrity {vamp,
                  | rF+ rN+}
 59679 | Zot:3    | Identified the +0 scale mail of the Earth {rPois rC+ Regen+
                  | Slay+5} (Okawaru gifted it to you on level 3 of the Realm
                  | of Zot)
 59679 | Zot:3    | Received a gift from Okawaru
 59807 | Zot:5    | Entered Level 5 of the Realm of Zot
 60735 | Zot:5    | Noticed an orb of fire
 60736 | Zot:5    | Noticed a Killer Klown
 60737 | Zot:5    | Noticed a Killer Klown
 60738 | Zot:5    | Gained mutation: Your magical capacity is low. (-10% MP)
                  | [an orb of fire]
 60738 | Zot:5    | Noticed a dread lich
 60764 | Zot:5    | Gained mutation: You occasionally lose the ability to read
                  | scrolls when taking damage. [an orb of fire]
 60765 | Zot:5    | Killed an orb of fire
 60772 | Zot:5    | Killed a dread lich
 60783 | Zot:5    | Killed a Killer Klown
 60877 | Zot:5    | Killed a Killer Klown
 60899 | Zot:5    | Noticed an orb of fire
 60906 | Zot:5    | Killed an orb of fire
 60915 | Zot:5    | Noticed an ancient lich
 60939 | Zot:5    | Killed an ancient lich
 61079 | Zot:5    | Noticed a dread lich
 61115 | Zot:5    | Killed a dread lich
 61311 | Zot:5    | Found the +5 robe of Night {Dark Will+ SInv}
 61355 | Zot:5    | Reached skill level 10 in Dodging
 61389 | Zot:5    | Noticed an orb of fire
 61390 | Zot:5    | Noticed a Killer Klown
 61391 | Zot:5    | Noticed an orb of fire
 61391 | Zot:5    | Gained mutation: Your magical capacity is very low. (-20%
                  | MP) [an orb of fire]
 61392 | Zot:5    | Gained mutation: Your body sometimes deteriorates upon
                  | taking damage. [an orb of fire]
 61393 | Zot:5    | Gained mutation: You are dopey. (Int -2) [an orb of fire]
 61394 | Zot:5    | Gained mutation: Your body often deteriorates upon taking
                  | damage. [an orb of fire]
 61421 | Zot:5    | Reached XP level 26. HP: 200/268 MP: 26/26
 61448 | Zot:5    | Gained mutation: You occasionally shout uncontrollably at
                  | your foes. [an orb of fire]
 61452 | Zot:5    | Gained mutation: Your spells are a little easier to cast,
                  | but a little less powerful. [an orb of fire]
 61459 | Zot:5    | Gained mutation: You are weak. (Str -2) [an orb of fire]
 61470 | Zot:5    | Noticed an ancient lich
 61470 | Zot:5    | Gained mutation: You are occasionally teleported next to
                  | monsters. [an orb of fire]
 61472 | Zot:5    | Killed an orb of fire
 61472 | Zot:5    | Identified the +10 tower shield of Yschia {Str+4 Int+3}
                  | (Okawaru gifted it to you on level 5 of the Realm of Zot)
 61472 | Zot:5    | Received a gift from Okawaru
 61480 | Zot:5    | Killed an orb of fire
 61487 | Zot:5    | Killed an ancient lich
 61600 | Zot:5    | Got the Orb of Zot
 61706 | Zot:4    | Lost mutation: Your body often deteriorates upon taking
                  | damage. [potion of mutation]
 61706 | Zot:4    | Lost mutation: You occasionally shout uncontrollably at
                  | your foes. [potion of mutation]
 61706 | Zot:4    | Lost mutation: Your magical capacity is very low. (-20% MP)
                  | [potion of mutation]
 61706 | Zot:4    | Lost mutation: You are dopey. (Int -2) [potion of mutation]
 61706 | Zot:4    | Gained mutation: You occasionally lose the ability to drink
                  | potions when taking damage. [potion of mutation]
 61706 | Zot:4    | Lost mutation: Your magical capacity is low. (-10% MP)
                  | [potion of mutation]
 61706 | Zot:4    | Gained mutation: You have hidden genetic defects. [potion
                  | of mutation]
 61706 | Zot:4    | Lost mutation: You have hidden genetic defects. [potion of
                  | mutation]
 61706 | Zot:4    | Lost mutation: You are weak. (Str -2) [potion of mutation]
 61707 | Zot:4    | Lost mutation: Your body sometimes deteriorates upon taking
                  | damage. [potion of mutation]
 61707 | Zot:4    | Lost mutation: You are occasionally teleported next to
                  | monsters. [potion of mutation]
 61707 | Zot:4    | Lost mutation: Your spells are a little easier to cast, but
                  | a little less powerful. [potion of mutation]
 61707 | Zot:4    | Lost mutation: You occasionally lose the ability to read
                  | scrolls when taking damage. [potion of mutation]
 61707 | Zot:4    | Gained mutation: You are frail. (-10% HP) [potion of
                  | mutation]
 61707 | Zot:4    | Gained mutation: You are partially covered in iridescent
                  | scales. (AC +2) [potion of mutation]
 61707 | Zot:4    | Gained mutation: You have a pair of small horns on your
                  | head. [potion of mutation]
 61708 | Zot:4    | Lost mutation: You are partially covered in iridescent
                  | scales. (AC +2) [potion of mutation]
 61708 | Zot:4    | Lost mutation: You occasionally lose the ability to drink
                  | potions when taking damage. [potion of mutation]
 61708 | Zot:4    | Lost mutation: You have a pair of small horns on your head.
                  | [potion of mutation]
 61708 | Zot:4    | Lost mutation: You are frail. (-10% HP) [potion of
                  | mutation]
 61708 | Zot:4    | Gained mutation: You have an increased reservoir of magic.
                  | (+10% MP) [potion of mutation]
 61708 | Zot:4    | Gained mutation: You occasionally lose the ability to read
                  | scrolls when taking damage. [potion of mutation]
 61708 | Zot:4    | Gained mutation: Your body sometimes deteriorates upon
                  | taking damage. [potion of mutation]
 61708 | Zot:4    | Gained mutation: Your body often deteriorates upon taking
                  | damage. [potion of mutation]
 61708 | Zot:4    | Gained mutation: Your skin changes colour to match your
                  | surroundings (Stealth+). [potion of mutation]
 61708 | Zot:4    | Gained mutation: You passively dampen the noise of your
                  | surroundings. [potion of mutation]
 62315 | D:5      | Noticed Lucox the pandemonium lord
 62443 | D:$      | Escaped with the Orb!

Illustrated notes

Levels and vault maps discovered:
D:1:      wander_arrival_estate, layout_loops_cross, minmay_misc_feat_encased,
          skrybe_limestone_x, minmay_box_of_dots
D:2:      layout_basic, columned_hall_lemuel
D:3:      layout_loops_ring, mainiacjoe_overflow_concentric_impassable,
          lightli_temple_of_fire
D:4:      minmay_skewed_foursquare, layout_basic, overflow_temple_1_default,
          minmay_temple_entry_arrows
D:5:      layout_loops_cross, serial_shops, shop,
          nicolae_shop_tiny_statue_garden, nicolae_shop_real_fake_doors,
          chequers_decorated_corner, minmay_puff
D:6:      layout_loops_ring, lemuel_doored_altar,
          nicolae_wu_jian_immortal_techniques, serial_shops, shop
D:7:      layout_basic, nicolae_gozag_seed_capital, minmay_ruined_shrine,
          uniq_prince_ribbit1, uniq_joseph, uniq_menkaure, uniq_maggie
D:8:      layout_rooms, amcnicky_altar_gilded, doesnt_shop_hydraphobe
D:9:      layout_basic, lemuel_mausoleum_altar_yredelemnul,
          minmay_lair_entry_grove
D:10:     layout_irregular_city
D:11:     layout_long_grid, serial_shops, shop_statue, uniq_nergalle,
          uniq_fannar, uniq_maurice
D:12:     layout_basic, hiddenorc1_lemuel, serial_shops, bzr_entry_water,
          uniq_erolcha, uniq_psyche
D:13:     dreamdust_labyrinth, layout_irregular_city
D:14:     layout_big_octagon, hangedman_vaults_entry_quadrant_bands,
          hangedman_decor_lopped, gauntlet_entry_generic,
          minmay_misc_feat_rugged, uniq_lodul, uniq_snorg
D:15:     hangedman_slaughterboxes
Temple:   zaba_magenta_temple
Lair:1:   layout_roguey
Lair:2:   layout_regular_city, minmay_shoals_entry_beasts
Lair:3:   layout_chaotic_city, hellmonk_spider_entry_life_and_decay, uniq_rupert
Lair:4:   layout_loops_ring
Lair:5:   hellmonk_lair_end_abyssal_woods, layout_small_grid, slime_entry_1,
          grunt_forest_small_clearing_treed, grunt_megastairs_2
Shoals:1: cheibrodos_shoals_oceanic_diplomacy, layout_shoals, serial_shops,
          nicolae_square_shop, shop, shop, nicolae_shop_peninsula,
          nicolae_book_shop_shelving, uniq_kirke
Shoals:2: cheibrodos_shoals_baths, layout_shoals, nicolae_shoals_gull_way
Shoals:3: layout_shoals, uniq_louise, uniq_polyphemus, uniq_ilsuiw
Shoals:4: shoals_end_hangedman, layout_shoals, nicolae_shoals_cliffside_cave,
          minmay_shop_mass, nicolae_shoals_kraken_party
Spider:1: lemuel_spider_zombies
Spider:2: layout_spider_delve, gammafunk_ghost_necromancy,
          nicolae_spider_checkerboard
Spider:3: layout_chambers, uniq_arachne
Spider:4: grunt_spider_rune_island, hellmonk_narrow_tunnel, uniq_nikola
Orc:1:    lemuel_ogre_cave, layout_diamond_mine
Orc:2:    st_orc_elflike, layout_diamond_mine, ebering_ghost_gozag, basic_altar,
          nicolae_specific_store, lemuel_statue_altar
Elf:1:    layout_rooms, gammafunk_ghost_cemetery, serial_shops, shop,
          evilmike_minifort, lemuel_flamethrower_2
Elf:2:    nicolae_elf_blades_crystal_corner, layout_geoelf_octagon,
          minmay_strange_pillars, uniq_aizul, uniq_roxanne
Elf:3:    minmay_elf_hall_furrowed, layout_loops_cross
Vaults:1: infiniplex_enter_wizlab_water, v_misc_30,
          nicolae_vaults_trapezoid_lopsided_3, nicolae_vaults_network_periphery,
          nicolae_vaults_circle_grid_b, nicolae_vaults_closet_pinwheel_2,
          nicolae_vaults_security_offices_1, vaults_dpeg_emergency_exit,
          layout_vaults_chaotic_city
Vaults:2: nicolae_vaults_turnstiles, nicolae_vaults_surprise_closet,
          ontoclasm_vaults_claustrophobia, nicolae_vaults_disjoint_gnomons,
          nicolae_vaults_disappearing_quadrants,
          nicolae_vaults_storage_closets_2, hangedman_vaults_river_flow,
          vaults_mumra_chevron, nicolae_vaults_gold_heap, nicolae_vaults_two_Ls,
          nicolae_vaults_frosty_reception, layout_vaults_maze_bifur,
          uniq_asterion
Vaults:3: nicolae_vaults_spaceships, v_misc_23, nicolae_vaults_three_branches,
          v_pattern_5, nicolae_vaults_little_guard_posts,
          grunt_vaults_hallway_short, v_misc_28, nicolae_vaults_trapezoid_1,
          layout_vaults_omnigrid, minmay_crypt_entry_skeletal_spiral
Vaults:4: vaults_mumra_hex, nicolae_vaults_cochlea, v_misc_30,
          nicolae_vaults_little_squares_5, st_diamondy,
          nicolae_vaults_angled_halls, nicolae_vaults_trapezoid_lopsided_1,
          hangedman_vaults_hat, nicolae_vaults_mitosis,
          nicolae_vaults_trapezoid_lopsided_3, nicolae_vaults_tetromino_Z_1,
          layout_vaults_omnicross, serial_shops,
          nicolae_shop_just_a_little_nook, uniq_saint_roka
Vaults:5: serial_shops
Depths:1: layout_small_grid, pf_dread_powers_of_hell,
          muffindrake_ghost_dead_mans_drink, dk_noncrumbling_2,
          minmay_hedge_maze, nicolae_vehumet_altar_sigil, firewood_loft
Depths:2: evilmike_marble_ring, layout_basic, serial_shops,
          nicolae_shop_industrial_runoff, pan_entry, hell_entry,
          amcnicky_mini_pool_small, fedhas_altar_4
Depths:3: minmay_the_grid_4x2 [minmay_the_grid_all_tris, minmay_the_grid_mess,
          minmay_the_grid_slots, minmay_the_grid_outer_circle,
          minmay_the_grid_medium_cups, minmay_the_grid_zigzag_pyramid,
          minmay_the_grid_artifice, minmay_the_grid_prize_inner_circle],
          layout_basic, enter_ziggurat_e, abyss_entry, hell_entry, wad_mini_maze
Depths:4: grunt_zot_entry_alcove, layout_gridlike, nicolae_uskayaw_dance_hall,
          abyss_entry, lightli_too_deep, uniq_vv
Zot:1:    layout_basic
Zot:2:    nicolae_moth_party, layout_basic
Zot:3:    kennysheep_spiral_hall, layout_onion_interference, grunt_megastairs_4
Zot:4:    layout_cellular_growth
Zot:5:    layout_cathedral_of_symmetry

Skill      XL: |  1  2  3  4  5  6  7  8  9 10 11 12 13 14 15 16 17 18 19 20 21 22 23 24 25 26 |
---------------+-------------------------------------------------------------------------------+-----
Maces & Flails | 2 3 4 5 6 7 8 9 11 12 14 15 16 18 19 20 22 | 22.0
Fighting       | 3 4 5 6 7 8 9 10 11 13 14 15 16 18 19 20 22 23 24 | 24.6
Armour         | 4 5 6 7 8 9 11 12 14 17 18 21 23 24 25 26 | 26.0
Shields        | 4 5 6 7 9 10 11 18 19 20 21 22 | 22.4
Invocations    | 5 6 7 8 10 11 12 13 14 | 14.0
Dodging        | 5 10 | 10.0

Action                     |  1- 3 |  4- 6 |  7- 9 | 10-12 | 13-15 | 16-18 | 19-21 | 22-24 | 25-27 || total
---------------------------+-------+-------+-------+-------+-------+-------+-------+-------+-------++-------
  Melee: Flail             |   143 |   171 |   404 |     6 |       |       |       |       |       ||   724
         Tailslap          |     7 |    19 |    55 |   136 |   205 |   624 |   862 |   763 |   278 ||  2949
         Morningstar       |       |       |       |   837 |  1089 |       |       |       |       ||  1926
         Whip              |       |       |       |    35 |       |       |       |       |       ||    35
         Mace              |       |       |       |       |       |  1890 |       |       |       ||  1890
         Eveningstar       |       |       |       |       |       |   497 |  3276 |  2814 |   935 ||  7522
 Invoke: Heroism           |       |       |     9 |    17 |    28 |    32 |    24 |    23 |     5 ||   138
         Finesse           |       |       |       |     2 |     5 |     2 |       |     4 |     5 ||    18
  Evoke: Wand              |       |     4 |       |     2 |     1 |       |       |       |       ||     7
    Use: Scroll            |       |       |     8 |       |    11 |     6 |    13 |    18 |     9 ||    65
         Potion            |       |       |       |     5 |     4 |       |     1 |     2 |     8 ||    20
   Stab: Invisible         |       |       |       |     4 |       |       |       |       |     6 ||    10
         Distracted        |       |       |       |       |       |     3 |       |       |       ||     3
         Confused          |       |       |       |       |       |     1 |       |       |       ||     1
         Petrified         |       |       |       |       |       |       |     3 |       |       ||     3
 Armour: Scale mail        |    99 |    92 |   111 |       |       |       |       |       |       ||   302
         Acid dragon scale |       |       |    70 |   247 |       |       |       |       |       ||   317
         Chain mail        |       |       |       |    51 |   318 |       |       |       |       ||   369
         Plate armour      |       |       |       |       |   278 |       |       |       |       ||   278
         Crystal plate arm |       |       |       |       |     7 |  1201 |  1748 |   588 |       ||  3544
         Gold dragon scale |       |       |       |       |       |       |       |   575 |   309 ||   884
  Dodge: Dodged            |    58 |    86 |   292 |   500 |   424 |   615 |   767 |   542 |   168 ||  3452
         Repelled          |       |       |       |       |       |       |       |    14 |    14 ||    28
  Block: Buckler           |    39 |    40 |   111 |    48 |       |       |       |       |       ||   238
         Kite shield       |       |       |       |   383 |   830 |  1833 |       |       |       ||  3046
         Tower shield      |       |       |       |       |       |   287 |  3768 |  2378 |   741 ||  7174

Table legend: (Time is in decaauts)
 A = Elapsed time spent in this place.
 B = Non-inter-level travel time spent in this place.
 C = Inter-level travel time spent in this place.
 D = Time resting spent in this place.
 E = Time spent auto-exploring this place.
 F = Levels seen in this place.
 G = Mean time per level.
                   A        B        C        D        E       F      G
               +--------+--------+--------+--------+--------+-----+--------+
         Total |  60469 |  53554 |   6915 |   3211 |  28925 |  53 | 1140.9 |
       Dungeon |  18086 |  15016 |   3070 |    550 |  10145 |  15 | 1205.7 |
        Temple |     26 |      9 |     17 |      0 |      6 |   1 |   26.0 |
          Lair |   7101 |   6229 |    872 |     40 |   4262 |   5 | 1420.2 |
        Shoals |   5355 |   5004 |    351 |    750 |   1679 |   4 | 1338.8 |
   Spider Nest |   5487 |   5207 |    280 |     28 |   3036 |   4 | 1371.8 |
  Orcish Mines |   2044 |   1709 |    335 |     64 |   1058 |   2 | 1022.0 |
   Elven Halls |   2816 |   2562 |    254 |    124 |   1579 |   3 |  938.7 |
        Vaults |   9007 |   8035 |    972 |    949 |   4180 |   5 | 1801.4 |
        Depths |   5705 |   5311 |    394 |    219 |   2779 |   4 | 1426.2 |
           Zot |   2657 |   2290 |    367 |    401 |      0 |   5 |  531.4 |
         Abyss |    694 |    694 |      0 |      0 |     24 |   2 |  347.0 |
        Bazaar |    162 |    162 |      0 |      0 |      7 |   1 |  162.0 |
        Wizlab |    779 |    779 |      0 |     73 |    149 |   1 |  779.0 |
      Gauntlet |    544 |    544 |      0 |     12 |     21 |   1 |  544.0 |
               +--------+--------+--------+--------+--------+-----+--------+

Top non-repeatable levels by time:
Vaults:4: 2935 daAuts
  Lair:5: 2271 daAuts
    D:15: 2259 daAuts
Depths:3: 2022 daAuts
Spider:3: 1699 daAuts
Shoals:4: 1681 daAuts
     D:7: 1610 daAuts
   Zot:5: 1584 daAuts
Vaults:1: 1572 daAuts
Vaults:5: 1528 daAuts
Vaults:2: 1506 daAuts
     D:6: 1470 daAuts
Vaults:3: 1464 daAuts
  Lair:1: 1457 daAuts
Shoals:2: 1399 daAuts
